 Dungeon Crawl Stone Soup version 0.30-a0-23-ge60ba3568b (webtiles) character file.

Game seed: 9061627266175515672

991 Newt the Skirmisher (level 8, -7/51 HPs)
             Began as a Kobold Hunter on Aug 24, 2022.
             Killed from afar by an orc wizard (9 damage)
             ... with a magic dart
             ... on level 4 of the Dungeon.
             The game lasted 00:06:11 (4351 turns).

Newt the Skirmisher (Kobold Hunter)                 Turns: 4351, Time: 00:06:11

Health: -7/51      AC:  4    Str:  9    XL:     8   Next: 42%
Magic:  8/8        EV: 16    Int: 10    God:
Gold:   263        SH:  0    Dex: 20    Spells: 7/7 levels left

rFire   . . .      SeeInvis .    a - +1 shortbow
rCold   + . .      Faith    .    (shield currently unavailable)
rNeg    + . .      Spirit   .    c - +0 leather armour
rPois   .          Reflect  .    (no helmet)
rElec   .          Harm     .    o - +0 cloak
rCorr   .          Rampage  .    (no gloves)
Will    .....                    (no boots)
Stlth   ++++......               (no amulet)
HPRegen 0.17/turn                e - ring of protection from cold
MPRegen 0.11/turn                t - ring of positive energy

@: no status effects
A: small, no large weapons, nightstalker 3
a: no special abilities


You were on level 4 of the Dungeon.
You visited 1 branch of the dungeon, and saw 4 of its levels.

You collected 263 gold pieces.

Inventory:

Hand Weapons
 a - a +1 shortbow (weapon)
Missiles
 r - a throwing net
Armour
 c - a +0 leather armour (worn)
 o - a +0 cloak (worn)
Jewellery
 e - a ring of protection from cold (left hand)
 s - a ring of wizardry
 t - a ring of positive energy (right hand)
 u - a ring of fire
Scrolls
 b - 2 scrolls of immolation
 d - a scroll of amnesia
 j - a scroll of teleportation
Potions
 f - a potion of might
 g - a potion of attraction
 h - a potion of lignification {unknown}
 i - 4 potions of magic
 k - 2 potions of mutation {unknown}
 n - 2 potions of ambrosia {unknown}
 p - a potion of cancellation {unknown}
 q - 2 potions of curing {unknown}
 v - a potion of flight {unknown}


   Skills:
 - Level 6.0 Fighting
 + Level 9.3 Ranged Weapons
 - Level 4.0 Dodging
 - Level 6.0 Stealth


You had 7 spell levels left.
You didn't know any spells.
Your spell library contained the following spells:

 Spells                   Type           Power      Damage    Failure   Level
 Sublimation of Blood     Necr           0%         N/A       63%         2
 Summon Guardian Golem    Hex/Summ       0%         N/A       85%         3
 Petrify                  Tmut/Erth      0%         N/A       99%         4
 Irradiate                Conj/Tmut      0%         3d11      100%        5
 Orb of Destruction       Conj           0%         9d5       100%        7
 Spellforged Servitor     Conj/Summ      0%         N/A       100%        7


Dungeon Overview and Level Annotations

Branches:
Dungeon (4/15)
 Temple: D:4-7

Altars:

Shops:
D:2 [


Innate Abilities, Weirdness & Mutations

You are small and have problems with some larger weapons.
You are completely attuned to the shadows.


Message History

Aim: an orc wizard, wielding a +0 dagger and wearing a +0 robe (moderately wounded, 64% to hit)
You shoot an arrow.
The arrow closely misses the orc wizard.
Something hits you. The orc wizard barely misses you.
Fire: a) +1 shortbow
Press: ? - help, Shift-Dir - straight line, f/p - orc wizard
Aim: an orc wizard, wielding a +0 dagger and wearing a +0 robe (moderately wounded, 64% to hit)
You shoot an arrow.
The arrow hits the orc wizard but does no damage.
The orc wizard is moderately wounded.
Something hits you.
The orc wizard hits you with a +0 dagger.
Something hits you. The orc wizard barely misses you.
Fire: a) +1 shortbow
Press: ? - help, Shift-Dir - straight line, f/p - orc wizard
Aim: an orc wizard, wielding a +0 dagger and wearing a +0 robe (moderately wounded, 64% to hit)
You shoot an arrow.
The arrow hits the orc wizard but does no damage.
The orc wizard is moderately wounded.
You hear some strange, mumbled words.
A puff of flame appears from out of thin air!
The puff of flame hits you!
* * * LOW HITPOINT WARNING * * *
The orc wizard gestures at you while chanting.
The magic dart hits you.
* * * LOW HITPOINT WARNING * * *
Something hits you but does no damage.
The orc wizard gestures at you while chanting.
The orc wizard casts a spell.
The orc wizard flickers and vanishes!
There is a stone staircase leading down here.
A magic dart appears from out of thin air!
The magic dart hits you.
* * * LOW HITPOINT WARNING * * *
A puff of flame appears from out of thin air!
The puff of flame hits you.
* * * LOW HITPOINT WARNING * * *
The orc wizard points at you and mumbles some strange words.
The magic dart hits you!
You die...

###########.##.##........##
##..........#...#.##.##...#
..................#...#.#.#
...#.###.#..#...........#.#######
.......)....##...#....#....[.....
...#####.#.....#.....##.#########
..## #.#.##.....#.....# ..####
#...#....#...##.## ..##<#
###......@....#.## ..##.#
#.#...#........# ...).#
#.##.##.#...#..# ....)#
#.......##.##..# ####### +#..)#
##........o....# #...... .#...#
#######.#..#..# #.##### .'...#
#+##...## #.# .#...# ...#.# #.#
.#...######### ...#.####.#


You could see an orc wizard.

Vanquished Creatures
  Grinder (D:3)
  Sigmund (D:4)
  Eustachio (D:4)
  Menkaure (D:4)
  A phantom (D:2)
  Blork the orc (D:4)
  A hound (D:4)
  An iguana (D:4)
  An orc wizard (D:4)
  5 adders
  2 dart slugs
  8 orcs (D:4)
  5 ball pythons
  4 bats
  5 endoplasms
  7 giant cockroaches
  5 hobgoblins
  10 jackals
  2 quokkas
  2 frilled lizards
  7 goblins
  7 kobolds
  12 rats
90 creatures vanquished.

Notes
Turn   | Place    | Note
-------+----------+-------------------------------------------
     0 | D:1      | Newt the Kobold Hunter began the quest for the Orb.
     0 | D:1      | Reached XP level 1. HP: 12/12 MP: 1/1
    90 | D:1      | Reached XP level 2. HP: 16/17 MP: 2/2
   448 | D:1      | Reached XP level 3. HP: 14/21 MP: 3/3
  1691 | D:2      | Found Qeihosh's Armour Boutique.
  1715 | D:2      | Reached skill level 6 in Ranged Weapons
  1802 | D:2      | Reached XP level 4. HP: 26/26 MP: 4/4
  2149 | D:2      | Noticed a phantom
  2163 | D:2      | Killed a phantom
  2164 | D:2      | Reached skill level 7 in Ranged Weapons
  2164 | D:2      | Reached XP level 5. HP: 9/30 MP: 5/5
  2820 | D:3      | Noticed Grinder
  2829 | D:3      | Killed Grinder
  2830 | D:3      | Reached skill level 8 in Ranged Weapons
  2830 | D:3      | Reached XP level 6. HP: 24/38 MP: 6/6
  3138 | D:4      | Noticed Eustachio
  3162 | D:4      | Killed Eustachio
  3163 | D:4      | Reached skill level 5 in Stealth
  3163 | D:4      | Reached XP level 7. HP: 43/43 MP: 7/7
  3273 | D:4      | Noticed Sigmund
  3563 | D:4      | Killed Sigmund
  3564 | D:4      | Reached skill level 5 in Fighting
  3693 | D:4      | Reached XP level 8. HP: 50/50 MP: 8/8
  3850 | D:4      | Noticed Blork the orc
  3860 | D:4      | Killed Blork the orc
  4074 | D:4      | Noticed Menkaure
  4081 | D:4      | Killed Menkaure
  4082 | D:4      | Reached skill level 9 in Ranged Weapons
  4347 | D:4      | HP: 2/51 [something/puff of flame (6)]
  4351 | D:4      | Killed from afar by an orc wizard

Illustrated notes

Levels and vault maps discovered:
D:1:      onia_arrival_mini_spirals, layout_basic
D:2:      layout_rooms, serial_shops, shop, minmay_misc_feat_five,
          minmay_misc_feat_nine_boxes
D:3:      layout_basic, nicolae_elevator_lobby_asterisk, uniq_grinder
D:4:      layout_basic, temple_statues, hangedman_decor_clover_reticule,
          amcnicky_mini_pool_small, uniq_sigmund, uniq_menkaure, uniq_eustachio,
          uniq_blork_the_orc

Skill      XL: |  1  2  3  4  5  6  7  8 |
---------------+-------------------------+-----
Stealth        | 2 4 5 6 |  6.0
Ranged Weapons | 6 7 8 9 |  9.3
Fighting       | 4 5 6 |  6.0
Dodging        | 3 4 |  4.0

Action                   |  1- 3 |  4- 6 |  7- 9 || total
-------------------------+-------+-------+-------++-------
 Fire: Shortbow          |    94 |    81 |   103 ||   278
  Use: Scroll            |     6 |     3 |     3 ||    12
       Potion            |       |     1 |       ||     1
Armor: Leather armour    |     5 |    10 |    11 ||    26
Dodge: Dodged            |    30 |    37 |    49 ||   116

Table legend: (Time is in decaauts)
 A = Elapsed time spent in this place.
 B = Non-inter-level travel time spent in this place.
 C = Inter-level travel time spent in this place.
 D = Time resting spent in this place.
 E = Time spent auto-exploring this place.
 F = Levels seen in this place.
 G = Mean time per level.
                   A        B        C        D        E       F      G
               +--------+--------+--------+--------+--------+-----+--------+
         Total |   4406 |   4352 |     54 |    788 |   2992 |   4 | 1101.5 |
       Dungeon |   4406 |   4352 |     54 |    788 |   2992 |   4 | 1101.5 |
               +--------+--------+--------+--------+--------+-----+--------+

Top non-repeatable levels by time:
     D:1: 1600 daAuts
     D:4: 985 daAuts
     D:3: 980 daAuts
     D:2: 838 daAuts
